| TOP OF THE 1ST |
|
Port Lavaca Indians batting - Pitching for Bradenton Sox : LHP Mike King
|
|
Pitching: LHP Mike King
|
|
|
Batting: RHB Jeff Schugel
|
0-0: Ball 1-0: Swinging Strike 1-1: Called Strike 1-2: Strikes out swinging
|
|
Batting: LHB Raul Dominguez
|
0-0: Ball 1-0: Called Strike 1-1: SINGLE (Flyball, 34D, EV 80.6 MPH)
|
|
Batting: LHB Antonio Huerta
|
0-0: Ball 1-0: Called Strike 1-1: Fly out, F9 (Flyball, 9, EV 76.9 MPH)
|
|
Batting: RHB Ramon Sarmiento
|
0-0: Ball 1-0: Foul Ball, location: 2F 1-1: Ball 2-1: Called Strike 2-2: Hit by Pitch Raul Dominguez to second
|
|
Batting: LHB Wally Joyner
|
0-0: Called Strike 0-1: Fly out, F4 (Popup, 4M, EV 77.5 MPH)
|
| Top of the 1st over - 0 runs, 1 hit, 0 errors, 2 left on base; Port Lavaca 0 - Bradenton 0 |
| BOTTOM OF THE 1ST |
|
Bradenton Sox batting - Pitching for Port Lavaca Indians : RHP Toby Blythe
|
|
Pitching: RHP Toby Blythe
|
|
|
Batting: RHB Dave Coss
|
0-0: Ground out 3-1 (Groundball, 34, EV 78.1 MPH)
|
|
Batting: RHB Rene Gonzales
|
0-0: Ground out 6-3 (Groundball, 6M, EV 103.8 MPH)
|
|
Batting: RHB Dennis Tiefenthaler
|
0-0: Foul Ball, location: 2F 0-1: Ball 1-1: Ball 2-1: Ball 3-1: Base on Balls
|
|
Batting: RHB Dave Hoeksema
|
0-0: Swinging Strike 0-1: Ball 1-1: Foul Ball, location: 2F 1-2: Fielders Choice at 2nd, 5-4 (Groundball, 5, EV 85.6 MPH)
|
| Bottom of the 1st over - 0 runs, 0 hits, 0 errors, 1 left on base; Port Lavaca 0 - Bradenton 0 |
| TOP OF THE 2ND |
|
Port Lavaca Indians batting - Pitching for Bradenton Sox : LHP Mike King
|
|
Batting: RHB Jeffrey Rhodes
|
0-0: Foul Ball, location: 2F 0-1: Ball 1-1: Ball 2-1: Foul Ball, location: 2F 2-2: Ball 3-2: Base on Balls
|
|
Batting: RHB Jim Lindeman
|
0-0: Ball 1-0: Ball 2-0: Ball 3-0: Called Strike 3-1: SINGLE (Groundball, 6MD, EV 98.8 MPH) Jeffrey Rhodes to second
|
|
Batting: RHB DeMarlo Hale
|
0-0: Ball 1-0: Called Strike 1-1: Ball 2-1: Ball 3-1: Base on Balls Jeffrey Rhodes to third Jim Lindeman to second
|
|
Batting: LHB William Tirado
|
0-0: Swinging Strike 0-1: Swinging Strike 0-2: Foul Ball, location: 2F 0-2: Strikes out swinging
|
|
Batting: RHB Jeff Schugel
|
0-0: Fielders Choice at 2nd, 6-4 (Groundball, 6, EV 83.8 MPH) Jeffrey Rhodes scores Jim Lindeman to third
|
|
Batting: LHB Raul Dominguez
|
0-0: Ball 1-0: DOUBLE (Line Drive, 5D, EV 105.6 MPH) Jim Lindeman scores Jeff Schugel to third Runner from 3rd tries for Home, SAFE, throw by LF to home
|
|
Batting: LHB Antonio Huerta
|
0-0: Foul Ball, location: 2F 0-1: Swinging Strike 0-2: Strikes out swinging
|
| Top of the 2nd over - 3 runs, 2 hits, 0 errors, 1 left on base; Port Lavaca 3 - Bradenton 0 |
| BOTTOM OF THE 2ND |
|
Bradenton Sox batting - Pitching for Port Lavaca Indians : RHP Toby Blythe
|
|
Batting: RHB Jerry Nalley
|
0-0: Ball 1-0: Swinging Strike 1-1: SINGLE (Groundball, 6M, EV 98.1 MPH)
|
|
Batting: RHB William Murray
|
0-0: Ball 1-0: Ball 2-0: Ball 3-0: Base on Balls Jerry Nalley to second
|
|
Batting: RHB Andre Wood
|
0-0: Called Strike 0-1: Foul Ball, location: 2F 0-2: Ball 1-2: Fielders Choice at 2nd, 6-4 (Groundball, 56, EV 87.5 MPH) Jerry Nalley to third
|
|
Batting: RHB Gerry Melillo
|
0-0: Fly out, F8 (Flyball, 8LS, EV 88.1 MPH)
|
|
Batting: RHB Dennis Keating
|
0-0: Ball 1-0: DOUBLE (Line Drive, 89D, EV 110.0 MPH) Jerry Nalley scores Andre Wood to third Runner from 3rd tries for Home, SAFE, throw by CF to home
|
|
Batting: RHB Dave Coss
|
0-0: Swinging Strike 0-1: Foul Ball, location: 2F 0-2: Foul Ball, location: 2F 0-2: Ball 1-2: Ball 2-2: SINGLE (Groundball, 6MD, EV 102.5 MPH) Dennis Keating to third Runner from 3rd tries for Home, SAFE, throw by CF to home
|
|
Batting: RHB Rene Gonzales
|
0-0: Ball 1-0: Called Strike 1-1: Fly out, F4 (Flyball, 4D, EV 86.9 MPH)
|
| Bottom of the 2nd over - 3 runs, 3 hits, 0 errors, 1 left on base; Port Lavaca 3 - Bradenton 3 |
| TOP OF THE 3RD |
|
Port Lavaca Indians batting - Pitching for Bradenton Sox : LHP Mike King
|
|
Batting: RHB Ramon Sarmiento
|
0-0: Ball 1-0: Ball 2-0: Called Strike 2-1: Foul Ball, location: 2F 2-2: Ground out 4-3 (Groundball, 4, EV 81.9 MPH)
|
|
Batting: LHB Wally Joyner
|
0-0: Ball 1-0: Foul Ball, location: 2F 1-1: Swinging Strike 1-2: Foul Ball, location: 2F 1-2: Ball 2-2: Ball 3-2: Base on Balls
|
|
Batting: RHB Jeffrey Rhodes
|
0-0: Fly out, F7 (Flyball, 7S, EV 90.0 MPH)
|
|
Batting: RHB Jim Lindeman
|
0-0: Called Strike 0-1: Swinging Strike 0-2: Ball 1-2: Strikes out looking
|
| Top of the 3rd over - 0 runs, 0 hits, 0 errors, 1 left on base; Port Lavaca 3 - Bradenton 3 |
| BOTTOM OF THE 3RD |
|
Bradenton Sox batting - Pitching for Port Lavaca Indians : RHP Toby Blythe
|
|
Batting: RHB Dennis Tiefenthaler
|
0-0: Ball 1-0: Ball 2-0: Foul Ball, location: 2F 2-1: Fly out, F7 (Flyball, 7LM, EV 86.3 MPH)
|
|
Batting: RHB Dave Hoeksema
|
0-0: Ball 1-0: Swinging Strike 1-1: Ground out 5-3 (Groundball, 5, EV 80.0 MPH)
|
|
Batting: RHB Jerry Nalley
|
0-0: Swinging Strike 0-1: Foul Ball, location: 2F 0-2: Strikes out swinging
|
| Bottom of the 3rd over - 0 runs, 0 hits, 0 errors, 0 left on base; Port Lavaca 3 - Bradenton 3 |
| TOP OF THE 4TH |
|
Port Lavaca Indians batting - Pitching for Bradenton Sox : LHP Mike King
|
|
Batting: RHB DeMarlo Hale
|
0-0: Foul Ball, location: 2F 0-1: Ball 1-1: Fly out, F7 (Flyball, 78M, EV 88.1 MPH)
|
|
Batting: LHB William Tirado
|
0-0: Ball 1-0: Foul Ball, location: 2F 1-1: Foul Ball, location: 2F 1-2: Strikes out swinging
|
|
Batting: RHB Jeff Schugel
|
0-0: Called Strike 0-1: SINGLE (Groundball, 6MD, EV 107.5 MPH)
|
|
Batting: LHB Raul Dominguez
|
0-0: Ball 1-0: Fly out, F8 (Flyball, 8LD, EV 101.3 MPH)
|
| Top of the 4th over - 0 runs, 1 hit, 0 errors, 1 left on base; Port Lavaca 3 - Bradenton 3 |
| BOTTOM OF THE 4TH |
|
Bradenton Sox batting - Pitching for Port Lavaca Indians : RHP Toby Blythe
|
|
Batting: RHB William Murray
|
0-0: Ball 1-0: Foul Ball, location: 2F 1-1: Ground out 5-3 (Groundball, 5S, EV 85.0 MPH)
|
|
Batting: RHB Andre Wood
|
0-0: Called Strike 0-1: Swinging Strike 0-2: Ball 1-2: Ground out 6-3 (Groundball, 6, EV 84.4 MPH)
|
|
Batting: RHB Gerry Melillo
|
0-0: Called Strike 0-1: Ground out 6-3 (Groundball, 6, EV 107.5 MPH)
|
| Bottom of the 4th over - 0 runs, 0 hits, 0 errors, 0 left on base; Port Lavaca 3 - Bradenton 3 |
| TOP OF THE 5TH |
|
Port Lavaca Indians batting - Pitching for Bradenton Sox : LHP Mike King
|
|
Batting: LHB Antonio Huerta
|
0-0: Ground out 5-3 (Groundball, 56, EV 101.9 MPH)
|
|
Batting: RHB Ramon Sarmiento
|
0-0: Ball 1-0: SOLO HOME RUN (Line Drive, 7D, EV 103.8 MPH), Distance : 378 ft
|
|
Batting: LHB Wally Joyner
|
0-0: Ball 1-0: Ball 2-0: Swinging Strike 2-1: Ball 3-1: Base on Balls
|
|
Batting: RHB Jeffrey Rhodes
|
0-0: Called Strike 0-1: Ball 1-1: Ball 2-1: SINGLE (Line Drive, 9S, EV 86.9 MPH) Wally Joyner to second Runner from 2nd tries for 3rd, SAFE, throw by RF made to third
|
|
Batting: RHB Jim Lindeman
|
0-0: Ball 1-0: Ball 2-0: Fly out, F8 (Flyball, 78M, EV 86.9 MPH) Runner from 3rd tags up, SCORES, throw by CF
|
|
Batting: RHB DeMarlo Hale
|
0-0: Ball 1-0: Ball 2-0: Called Strike 2-1: Foul Ball, location: 2F 2-2: Foul Ball, location: 2F 2-2: Ball 3-2: Strikes out swinging
|
| Top of the 5th over - 2 runs, 2 hits, 0 errors, 1 left on base; Port Lavaca 5 - Bradenton 3 |
| BOTTOM OF THE 5TH |
|
Bradenton Sox batting - Pitching for Port Lavaca Indians : RHP Toby Blythe
|
|
Batting: RHB Dennis Keating
|
0-0: Called Strike 0-1: Fly out, F9 (Flyball, 9, EV 86.3 MPH)
|
|
Batting: RHB Dave Coss
|
0-0: Ball 1-0: SINGLE (Groundball, 34S, EV 70.0 MPH) (infield hit)
|
|
Batting: RHB Rene Gonzales
|
0-0: Called Strike 0-1: Swinging Strike 0-2: Ball 1-2: Strikes out looking
|
|
Batting: RHB Dennis Tiefenthaler
|
0-0: Called Strike Dave Coss steals 2nd base 0-1: Ground out 4-3 (Groundball, 4, EV 101.3 MPH)
|
| Bottom of the 5th over - 0 runs, 1 hit, 0 errors, 1 left on base; Port Lavaca 5 - Bradenton 3 |
| TOP OF THE 6TH |
|
Port Lavaca Indians batting - Pitching for Bradenton Sox : LHP Mike King
|
|
Batting: LHB William Tirado
|
0-0: Called Strike 0-1: Foul Ball, location: 2F 0-2: Ball 1-2: SINGLE (Line Drive, 7S, EV 98.1 MPH)
|
|
Batting: RHB Jeff Schugel
|
0-0: Called Strike 0-1: Ball 1-1: Called Strike 1-2: 2-RUN HOME RUN (Flyball, 7LD, EV 105.0 MPH), Distance : 363 ft
|
|
Pitching: RHP Ronald Nero
|
|
|
Batting: LHB Raul Dominguez
|
0-0: Called Strike 0-1: SOLO HOME RUN (Flyball, 7D, EV 106.3 MPH), Distance : 362 ft
|
|
Batting: LHB Antonio Huerta
|
0-0: Ball 1-0: Ground out 3-1 (Groundball, 34, EV 90.0 MPH)
|
|
Batting: RHB Ramon Sarmiento
|
0-0: Called Strike 0-1: Ball 1-1: Ball 2-1: Foul Ball, location: 2F 2-2: Strikes out swinging
|
|
Batting: LHB Wally Joyner
|
0-0: Ball 1-0: Called Strike 1-1: Foul Ball, location: 2F 1-2: Ball 2-2: Foul Ball, location: 2F 2-2: Ball 3-2: Foul Ball, location: 2F 3-2: SOLO HOME RUN (Flyball, 8LXD, EV 98.8 MPH), Distance : 439 ft
|
|
Batting: RHB Jeffrey Rhodes
|
0-0: Foul Ball, location: 2F 0-1: Swinging Strike 0-2: Foul Ball, location: 2F 0-2: Strikes out looking
|
| Top of the 6th over - 4 runs, 4 hits, 0 errors, 0 left on base; Port Lavaca 9 - Bradenton 3 |
| BOTTOM OF THE 6TH |
|
Bradenton Sox batting - Pitching for Port Lavaca Indians : RHP Toby Blythe
|
|
Batting: RHB Dave Hoeksema
|
0-0: Ball 1-0: Ball 2-0: Called Strike 2-1: Fly out, F7 (Line Drive, 7, EV 103.8 MPH)
|
|
Batting: RHB Jerry Nalley
|
0-0: Ball 1-0: TRIPLE (Flyball, 78XD, EV 103.8 MPH)
|
|
Batting: RHB William Murray
|
0-0: Ball 1-0: Called Strike 1-1: Ball 2-1: Ground out 4-3 (Groundball, 4D, EV 107.5 MPH) Jerry Nalley scores
|
|
Batting: RHB Andre Wood
|
0-0: Foul Ball, location: 2F 0-1: Ball 1-1: Ground out U3 (Groundball, 34S, EV 71.9 MPH)
|
| Bottom of the 6th over - 1 run, 1 hit, 0 errors, 0 left on base; Port Lavaca 9 - Bradenton 4 |
| TOP OF THE 7TH |
|
Port Lavaca Indians batting - Pitching for Bradenton Sox : RHP Ronald Nero
|
|
Batting: RHB Jim Lindeman
|
0-0: Called Strike 0-1: Called Strike 0-2: Foul Ball, location: 2F 0-2: Ball 1-2: SINGLE (Line Drive, 89M, EV 91.3 MPH)
|
|
Batting: RHB DeMarlo Hale
|
0-0: Ball 1-0: Called Strike 1-1: Grounds into double play, 5-4-3 (Groundball, 56, EV 105.6 MPH)
|
|
Batting: LHB William Tirado
|
0-0: Called Strike 0-1: Foul Ball, location: 2F 0-2: Ball 1-2: Foul Ball, location: 2F 1-2: Ball 2-2: Fly out, F9 (Flyball, 9LD, EV 97.5 MPH)
|
| Top of the 7th over - 0 runs, 1 hit, 0 errors, 0 left on base; Port Lavaca 9 - Bradenton 4 |
| BOTTOM OF THE 7TH |
|
Bradenton Sox batting - Pitching for Port Lavaca Indians : RHP Toby Blythe
|
|
Batting: RHB Gerry Melillo
|
0-0: Ball 1-0: Ground out U3 (Groundball, 3S, EV 90.6 MPH)
|
|
Batting: RHB Dennis Keating
|
0-0: Swinging Strike 0-1: Called Strike 0-2: Ball 1-2: Strikes out swinging
|
|
Batting: RHB Dave Coss
|
0-0: Ground out 5-3 (Groundball, 56, EV 99.4 MPH)
|
| Bottom of the 7th over - 0 runs, 0 hits, 0 errors, 0 left on base; Port Lavaca 9 - Bradenton 4 |
| TOP OF THE 8TH |
|
Port Lavaca Indians batting - Pitching for Bradenton Sox : RHP Ronald Nero
|
|
Batting: RHB Jeff Schugel
|
0-0: Swinging Strike 0-1: Ball 1-1: Called Strike 1-2: Ground out 6-3 (Groundball, 6, EV 78.1 MPH)
|
|
Batting: LHB Raul Dominguez
|
0-0: Called Strike 0-1: Called Strike 0-2: Ground out 6-3 (Groundball, 6, EV 81.9 MPH)
|
|
Batting: LHB Antonio Huerta
|
0-0: Ball 1-0: Ball 2-0: Swinging Strike 2-1: Foul Ball, location: 2F 2-2: Foul Ball, location: 2F 2-2: Foul Ball, location: 2F 2-2: SINGLE (Groundball, 56D, EV 97.5 MPH)
|
|
Pitching: RHP Joe Stefani
|
|
|
Batting: RHB Ramon Sarmiento
|
0-0: Called Strike 0-1: Ball Wild Pitch! Antonio Huerta to second 1-1: Called Strike 1-2: Strikes out looking
|
| Top of the 8th over - 0 runs, 1 hit, 0 errors, 1 left on base; Port Lavaca 9 - Bradenton 4 |
| BOTTOM OF THE 8TH |
|
Bradenton Sox batting - Pitching for Port Lavaca Indians : RHP Toby Blythe
|
|
Batting: RHB Rene Gonzales
|
0-0: Ball 1-0: Called Strike 1-1: Ball 2-1: Swinging Strike 2-2: Ground out 4-3 (Groundball, 4M, EV 86.9 MPH)
|
|
Batting: RHB Dennis Tiefenthaler
|
0-0: Ball 1-0: Ball 2-0: Fly out, F4 (Popup, 34, EV 56.3 MPH)
|
|
Batting: RHB Dave Hoeksema
|
0-0: Ball 1-0: Called Strike 1-1: Reached on error, E6 (Groundball, 6, EV 87.5 MPH)
|
|
Batting: RHB Jerry Nalley
|
0-0: Called Strike 0-1: Ball 1-1: Foul Ball, location: 2F 1-2: Ball 2-2: Ball 3-2: Fly out, F8 (Flyball, 8LXD, EV 104.4 MPH)
|
| Bottom of the 8th over - 0 runs, 0 hits, 1 error, 1 left on base; Port Lavaca 9 - Bradenton 4 |
| TOP OF THE 9TH |
|
Port Lavaca Indians batting - Pitching for Bradenton Sox : RHP Joe Stefani
|
|
Batting: LHB Wally Joyner
|
0-0: Foul Ball, location: 2F 0-1: Foul Ball, location: 2F 0-2: Ball 1-2: Ball 2-2: Ball 3-2: Base on Balls
|
|
Batting: RHB Jeffrey Rhodes
|
0-0: Swinging Strike 0-1: Ball 1-1: Ball 2-1: DOUBLE (Line Drive, 9LD, EV 100.0 MPH) Wally Joyner to third
|
|
Batting: RHB Jim Lindeman
|
0-0: Foul Ball, location: 2F 0-1: Ball 1-1: Foul Ball, location: 2F 1-2: Foul Ball, location: 2F 1-2: Ball 2-2: Fly out, F2 (Popup, 2RF, EV 87.5 MPH)
|
|
Batting: RHB DeMarlo Hale
|
0-0: Called Strike 0-1: Ball 1-1: DOUBLE (Line Drive, 89XD, EV 106.9 MPH) Wally Joyner scores Jeffrey Rhodes scores
|
|
Pinch Hitting: LHB Jim Spring
|
0-0: Ball 1-0: Ball 2-0: Foul Ball, location: 2F 2-1: Fly out, F9 (Flyball, 9S, EV 83.8 MPH)
|
|
Pinch Hitting: RHB Thomas Baumgartner
|
0-0: Called Strike 0-1: Ball 1-1: Swinging Strike 1-2: Ball 2-2: Strikes out looking
|
| Top of the 9th over - 2 runs, 2 hits, 0 errors, 1 left on base; Port Lavaca 11 - Bradenton 4 |
| BOTTOM OF THE 9TH |
|
Bradenton Sox batting - Pitching for Port Lavaca Indians : RHP Toby Blythe
|
|
Now at C: Thomas Baumgartner
|
|
|
Now at SS: Richard Johnson
|
|
|
Pinch Hitting: RHB Anthony Biafore
|
0-0: Ball 1-0: Foul Ball, location: 2F 1-1: Foul Ball, location: 2F 1-2: Strikes out swinging
|
|
Batting: RHB Andre Wood
|
0-0: Ball 1-0: Ball 2-0: Ball 3-0: Called Strike 3-1: Ground out 6-3 (Groundball, 6, EV 83.8 MPH)
|
|
Batting: RHB Gerry Melillo
|
0-0: Foul Ball, location: 2F 0-1: SINGLE (Line Drive, 34D, EV 100.0 MPH)
|
|
Batting: RHB Dennis Keating
|
0-0: Ball 1-0: Ball 2-0: Ball 3-0: Called Strike 3-1: Foul Ball, location: 2F 3-2: SINGLE (Groundball, 6M, EV 104.4 MPH) Gerry Melillo to second Gerry Melillo to third
|
|
Batting: RHB Dave Coss
|
0-0: Ball 1-0: Swinging Strike 1-1: Ground out 4-3 (Groundball, 34D, EV 90.0 MPH)
|
| Bottom of the 9th over - 0 runs, 2 hits, 0 errors, 2 left on base; Port Lavaca 11 - Bradenton 4 |
|